 Dungeon Crawl Stone Soup version 0.31.0-4-g52a2dc7128 (console) character file.

Game seed: 10034565090467333852

397430 AlterAsc the Hoplite (level 22, -27/214 (220) HPs)
             Began as a Minotaur Fighter on Jan 22, 2024.
             Was the Champion of Trog.
             Killed from afar by a deep elf high priest (39 damage)
             ... with damnation
             ... on level 3 of the Elven Halls on Jan 23, 2024.
             The game lasted 02:37:19 (38356 turns).

AlterAsc the Hoplite (Minotaur Fighter)            Turns: 38356, Time: 02:37:20

HP:   -27/214 (220) AC: 41    Str: 32    XL:     22   Next: 21%
MP:   30/30         EV: 17    Int:  3    God:    Trog [******]
Gold: 2069          SH: 33    Dex: 10    Spells: 21/21 levels left

rFire   + + .        T - +8 mithril axe "Arga" {speed, Will+}
rCold   + + .        a - +10 tower shield of Ignorance {rN+ Int-4}
rNeg    + . .        P - +10 plate armour {rF+}
rPois   +            Y - +2 hat {Will+}
rElec   +            Z - scarf {rC+ rF+}
rCorr   +            i - +2 pair of gloves
SInv    .            N - +3 pair of seven-league boots {Rampage+∞}
Will    ++++.        p - amulet of Divine Compulsion {rElec Regen+ MP+9 Str+3 Int+3} Stlth
                     f - ring "Pogyss" {rPois Will+ EV+5 Int+3 Dex-3}
HPRegen 1.35/turn    V - ring of Uroad {rPois rC+ rCorr Int-2}
MPRegen 0.22/turn

%: rampage+∞
@: on berserk cooldown, slowed, lightly drained, very slow
A: horns 2, retaliatory headbutt, dopey 1
}: 2/15 runes: serpentine, barnacled
a: Renounce Religion, Berserk, Trog's Hand, Brothers in Arms


You were on level 3 of the Elven Halls.
You worshipped Trog.
Trog was exalted by your worship.
You visited 8 branches of the dungeon, and saw 38 of its levels.
You also visited: Ossuary, Bailey, Ice Cave and Volcano.

You collected 5925 gold pieces.
You spent 3856 gold pieces at shops.

Inventory:

Hand Weapons
 Q - a +7 broad axe of flaming
 T - the +8 mithril axe "Arga" (weapon) {speed, Will+}
   (You acquired it on level 3 of the Depths)

   Will+:     It increases your willpower.
Missiles
 o - 73 poisoned darts (quivered)
Armour
 a - the +10 tower shield of Ignorance (worn) {rN+ Int-4}
   (You acquired it on level 2 of the Snake Pit)

   Int-4:     It affects your intelligence (-4).
   rN+:       It protects you from negative energy.
 i - a +2 pair of gloves (worn)
 N - the +3 pair of seven-league boots (worn) {Rampage+∞}
   (You found it in a volcano)

   Rampage+∞: When moving toward enemies, its wearer moves as far as possible,
   alerting their target en route.
 P - a +10 plate armour of fire resistance (worn)
 Y - a +2 hat of willpower (worn)
 Z - a scarf of resistance (worn)
Jewellery
 c - a ring of flight
 f - the ring "Pogyss" (left hand) {rPois Will+ EV+5 Int+3 Dex-3}
   (You bought it in a shop on level 1 of the Depths)

   [ring of evasion]

   EV+5:      It affects your evasion (+5).
   Int+3:     It affects your intelligence (+3).
   Dex-3:     It affects your dexterity (-3).
   rPois:     It protects you from poison Will+: It increases your willpower.
 p - the amulet of Divine Compulsion (around neck) {rElec Regen+ MP+9 Str+3 Int+3}
   (You bought it in a shop on level 1 of the Depths)

   [amulet of regeneration]

   Str+3:     It affects your strength (+3).
   Int+3:     It affects your intelligence (+3).
   rElec:     It insulates you from electricity.
   MP+9:      It affects your magic capacity (+9).
   Regen+:    It increases your rate of health regeneration.
 t - the ring of the Brewing Gods {rElec rF+}
   (You acquired it on level 1 of the Shoals)

   [ring of protection from fire]

   rF+:       It protects you from fire.
   rElec:     It insulates you from electricity.
 H - the ring "Heyrch" {Fly rElec Str-4 Int+6 SInv}
   (You found it on level 3 of the Depths)

   [ring of intelligence]

   Str-4:     It affects your strength (-4).
   Int+6:     It affects your intelligence (+6).
   rElec:     It insulates you from electricity.
   SInv:      It lets you see invisible.
   Fly:       It grants you flight.
 K - a +4 ring of protection
 L - an amulet of magic regeneration
 R - the ring of Gileuff {rN+ rCorr Int+6}
   (You found it on level 4 of the Shoals)

   [ring of intelligence]

   Int+6:     It affects your intelligence (+6).
   rN+:       It protects you from negative energy.
   rCorr:     It protects you from acid and corrosion.
 V - the ring of Uroad (right hand) {rPois rC+ rCorr Int-2}
   (You took it off a frost giant on level 3 of the Depths)

   [ring of protection from cold]

   Int-2:     It affects your intelligence (-2).
   rC+:       It protects you from cold.
   rPois:     It protects you from poison rCorr: It protects you from acid and
   corrosion.
Wands
 e - a wand of mindburst (20)
 m - a wand of digging (2)
 I - a wand of paralysis (29)
 J - a wand of flame (76)
 M - a wand of quicksilver (8)
 X - a wand of polymorph (16)
Scrolls
 b - 6 scrolls of silence
 g - 6 scrolls of immolation
 l - 5 scrolls of revelation
 q - 7 scrolls of fog
 s - 4 scrolls of amnesia
 v - 13 scrolls of teleportation
 y - 5 scrolls of torment
 B - 11 scrolls of fear
 C - 3 scrolls of summoning
 F - 2 scrolls of brand weapon
 G - 5 scrolls of poison
 S - 2 scrolls of vulnerability
Potions
 d - 6 potions of might
 h - 8 potions of resistance
 j - 5 potions of cancellation
 k - 18 potions of curing
 n - 3 potions of haste
 r - a potion of invisibility
 u - 2 potions of attraction
 x - 10 potions of enlightenment
 z - 14 potions of ambrosia
 A - 9 potions of lignification
 D - 2 potions of magic
 E - 4 potions of brilliance
 U - 2 potions of berserk rage
 W - 3 potions of heal wounds


   Skills:
 + Level 23.0 Fighting
 * Level 23.6 Axes
 + Level 22.5 Armour
 - Level 10.0 Dodging
 + Level 26.3 Shields
 * Level 10.0 Shapeshifting


You had 21 spell levels left.
You didn't know any spells.
Your spell library contained the following spells:

 Spells                   Type           Power      Damage    Failure   Level
 Tukima's Dance           Hex            0%         N/A       99%         3
 Passage of Golubria      Tloc           0%         N/A       100%        4
 Yara's Violent Unravell  Hex/Alch       0%         3d3       100%        5


Dungeon Overview and Level Annotations

Branches:
Dungeon (15/15)            Temple (1/1) D:4            Lair (5/5) D:10
 Shoals (4/4) Lair:3        Snake (4/4) Lair:3        Slime (0/5) Lair:5
    Orc (2/2) D:10            Elf (3/3) Orc:2        Vaults (0/5) D:14
 Depths (4/4) D:15            Zot (0/5) Depths:4    Ossuary (visited)
 Bailey (visited)           IceCv (visited)         Volcano (visited)

Altars:
Ashenzari
Cheibriados
Dithmenos
Elyvilon
Fedhas
Gozag
Hepliaklqana
Kikubaaqudgha
Makhleb
Nemelex Xobeh
Okawaru
Qazlal
Ru
Sif Muna
Trog
Uskayaw
Vehumet
Wu Jian
Xom
Yredelemnul
Zin
The Shining One
Jiyva

Shops:
D:10 [   D:13 :   D:14 :   Orc:2 (((!   Elf:2 !   Shoals:2 *   Snake:2 !?[:
Depths:1 =:=   Depths:4 *[*[

Portals:
Hell: Depths:1 Depths:2 Depths:3 Depths:4
Abyss: Depths:2 Depths:3
Pandemonium: Depths:2
Ziggurat: Depths:3

Annotations:
D:9 2 exclusions, Amaemon


Innate Abilities, Weirdness & Mutations

You have a pair of horns on your head.
You reflexively headbutt those who attack you in melee.
You are dopey. (Int -2)


Message History

The deep elf annihilator is empowered by the deep elf high priest's aura!
The deep elf high priest invokes the aid of its god against you.
Something smites you!
* * * LOW HITPOINT WARNING * * *
You block the deep elf annihilator's attack.
Blink to where?
Press: ? - help, Dir - move target A deep elf high priest, a deep elf elementalist and a deep elf annihilator come into view.
As you read the scroll of blinking, it crumbles to dust.
The deep elf high priest shouts!
The deep elf annihilator shouts!
The deep elf high priest starts to sing a prayer.
A deep elf death mage comes into view. It is wielding a +0 long sword.
A deep elf zephyrmancer comes into view.
It is wielding a +0 long sword.
You feel much better.
The deep elf annihilator casts a spell.
The deep elf annihilator blinks!
The deep elf high priest mumbles some strange prayers to its god.
The deep elf high priest begins emitting a brilliant aura!
The deep elf elementalist is empowered by the deep elf high priest's aura!
The deep elf annihilator is empowered by the deep elf high priest's aura!
The deep elf elementalist is empowered by the deep elf high priest's aura!
The deep elf death mage is empowered by the deep elf high priest's aura!
A deep elf blademaster comes into view. It is wielding two +0 short swords.
A deep elf high priest comes into view. It is wielding a +0 short sword.
A deep elf elementalist comes into view.
It is wielding a +0 long sword of draining.
The deep elf death mage beckons forth restless souls!
The deep elf high priest calls down the wrath of its god upon you.
Something smites you!
* * * LOW HITPOINT WARNING * * *
The deep elf high priest intones a terrible prayer.
The deep elf annihilator casts a spell at you.
The bolt of lightning misses you.
You hear a hideous shriek!
You open the door.
The deep elf high priest invokes the aid of its god against you.
The sphere of damnation explodes!
The damnation engulfs you!!
* * * LOW HITPOINT WARNING * * *
The deep elf high priest mumbles some strange prayers to its god against you.
The sphere of damnation explodes!
The damnation engulfs you!!!
You die...

## $## $$## $$#
#+############'#
###......1..4...@###
#........e........e#
.........1.e...e..e..#
.......4.................
.....⌠.e......⌠...e......
...1e1..........e..*.e...
...21##......###...*e....
...ee####..####..e...e...
..1.)).4## ##.e..........
.....e1..##......
.....)1.ee.......


You could see a Hell Sentinel (summoned), a Tzitzimitl (summoned), a deep elf
blademaster, a deep elf death mage (empowered), 2 deep elf annihilators, 2 deep
elf elementalists, 4 deep elf high priests, a hellwing (summoned), a deep elf
zephyrmancer (empowered) and 2 lost souls.

Vanquished Creatures
  Mara (Shoals:3)
  Nikola (Depths:1)
  Saint Roka (Orc:2)
  Jory (Depths:3)
  A bone dragon (Depths:4)
  Norris (Depths:1)
  A tentacled monstrosity (Depths:3)
  Mlioglotl (Snake:1)
  A walking crystal tome (Depths:3)
  Asterion (Snake:1)
  A quicksilver dragon (Depths:3)
  A walking divine tome (Depths:4)
  A titan (Depths:3)
  A deep elf master archer (Elf:3)
  2 liches
  Polyphemus (Shoals:3)
  8 krakens
  2 ancient champions (Depths:3)
  4 sphinxes
  Gastronok (Lair:1)
  Kirke (Snake:1)
  Agnes (D:14)
  A storm dragon (Depths:3)
  2 shadow dragons
  A nagaraja (Snake:4)
  3 tengu reavers
  Aizul (Shoals:1)
  Ilsuiw (Shoals:2)
  7 fire giants
  A deep elf sorcerer (Elf:3)
  8 frost giants
  3 deep elf elementalists (Elf:3)
  A draconian shifter (Depths:4)
  Louise (Snake:1)
  An iron dragon (Depths:2)
  A draconian stormcaller (Depths:4)
  3 spriggan defenders
  14 very ugly things
  10 stone giants
  2 vampire knights
  A purple draconian (Depths:4)
  3 deep elf demonologists (Elf:1)
  2 green draconians (Depths:4)
  4 deep elf death magi
  3 yellow draconians (Depths:4)
  Azrael (D:14)
  2 dire elephants (Lair:5)
  17 spark wasps
  4 deep elf annihilators
  5 merfolk javelineers
  8 ettins
  A deep elf high priest (Elf:3)
  7 fire dragons
  9 merfolk impalers
  4 vault guards
  3 rakshasas
  6 salamander tyrants
  3 great orbs of eyes
  12 spriggan air magi
  6 centaur warriors
  11 ice dragons
  15 two-headed ogres
  A death knight (D:15)
  4 ogre magi (Orc:2)
  2 satyrs
  5 merfolk aquamancers
  2 merfolk avatars
  12 anacondas
  7 hydras
  4 catoblepae
  23 dancing weapons
  A two-headed ogre (shapeshifter) (Depths:4)
  4 deep troll shamans
  10 naga warriors
  4 boulder beetles
  9 deep troll earth magi
  13 shock serpents
  6 occultists
  19 death yaks
  An orc high priest (Elf:1)
  A tengu warrior (Depths:1)
  2 spectral dire elephants (Lair:5)
  A vampire mage (Depths:3)
  9 naga sharpshooters
  15 hell knights
  14 deep elf knights
  13 skeletal warriors
  A spectral death yak (Lair:5)
  12 spriggan berserkers
  A skyshark (shapeshifter) (Depths:3)
  7 iron trolls
  7 skysharks
  Lodul (D:14)
  7 salamander mystics
  19 deep trolls
  A spectral anaconda (Lair:5)
  5 naga ritualists
  2 flayed ghosts
  13 sea snakes
  12 deep elf archers
  13 mana vipers
  2 glowing orange brains
  A harpy (shapeshifter) (Elf:2)
  A bog body (IceCv)
  2 lindwurms (Snake:4)
  3 orc knights
  11 harpies
  6 necromancers
  A wolf spider (D:15)
  An obsidian statue (Lair:5)
  An oklob plant (Lair:5)
  26 deep elf zephyrmancers
  28 ugly things
  16 deep elf pyromancers
  5 orc sorcerers
  26 fauns
  12 manticores
  A frost giant zombie (Depths:2)
  27 salamanders
  5 cyclopes
  5 kobold blastminers
  Maurice (D:10)
  A dire elephant zombie (Lair:5)
  8 guardian serpents
  A water nymph (Shoals:4)
  14 merfolk sirens
  7 naga magi
  A water nymph (shapeshifter) (Depths:3)
  A torpor snail (Lair:2)
  25 elephants
  3 gargoyles (D:14)
  37 black mambas
  2 ice statues (IceCv)
  Maggie (D:9)
  A torpor snail (shapeshifter) (Elf:1)
  A smoke demon (Depths:2)
  20 cane toads
  5 freezing wraiths
  10 komodo dragons
  3 anaconda simulacra (IceCv)
  6 ice devils (IceCv)
  2 rime drakes
  A queen bee (Lair:1)
  An efreet (Volcano)
  8 trolls
  A wolf spider simulacrum (D:15)
  44 merfolk
  5 wind drakes
  A hornet (shapeshifter) (D:13)
  A tengu simulacrum (Depths:2)
  8 hornets
  3 glass eyes
  7 snapping turtles
  17 blink frogs
  A dream sheep (Lair:2)
  A fire giant simulacrum (Depths:2)
  A centaur simulacrum (D:15)
  4 slime creatures (D:15)
  6 hogs (Snake:1)
  8 spriggans
  A yak (shapeshifter) (D:15)
  A vampire (D:11)
  16 water elementals
  4 shadows
  35 yaks
  2 wraiths
  5 wyverns
  An ettin skeleton (Depths:2)
  2 dire elephant simulacra (IceCv)
  2 wargs (Orc:1)
  4 steam dragons
  6 fire elementals
  3 basilisks
  3 death yak simulacra
  15 vampire mosquitoes
  40 nagas
  3 harpy simulacra (IceCv)
  An acid dragon (D:12)
  2 hydra simulacra (IceCv)
  A spectral cane toad (Lair:5)
  6 hell hounds
  16 water moccasins
  An ice beast (D:7)
  An elephant zombie (Lair:5)
  A black bear (Lair:1)
  21 orc warriors
  A sky beast (D:7)
  4 laughing skulls
  37 ogres
  11 centaurs
  11 wolves
  2 phantoms (D:10)
  5 earth elementals
  11 kobold brigands
  14 bullfrogs
  A gnoll sergeant (D:11)
  A glowing shapeshifter simulacrum (Depths:2)
  3 scorpions
  3 cane toad simulacra (Lair:5)
  18 wights
  A burial acolyte (Ossuary)
  2 troll zombies (D:10)
  35 killer bees
  3 elephant simulacra (Lair:5)
  7 howler monkeys
  3 electric eels (Snake:3)
  A crimson imp (D:3)
  3 bombardier beetles
  7 hounds
  2 jellies
  13 orc priests
  3 sleepcaps
  6 hell rats
  6 iguanas
  21 orc wizards
  A spriggan simulacrum (IceCv)
  4 ogre zombies (D:10)
  2 human simulacra (D:10)
  A mummy (Ossuary)
  3 gnolls (D:11)
  9 adders
  2 white imps
  An ufetubus (D:6)
  4 ribbon worms
  2 dart slugs
  56 orcs
  2 ball pythons
  A bat (D:2)
  4 endoplasms
  6 giant cockroaches
  12 goblins
  3 hobgoblins
  5 quokkas
  11 gnoll skeletons
  4 gnoll zombies (D:10)
  38 kobolds
  4 kobold skeletons (Ossuary)
  11 orc skeletons
  8 orc zombies (D:10)
  7 rats
  11 tentacles
1593 creatures vanquished.

Vanquished Creatures (collateral kills)
  3 caustic shrikes (Depths:2)
  A lich (Depths:3)
  A titan (Depths:3)
  Donald (Elf:1)
  A fire giant (Depths:3)
  A vault guard (Depths:3)
  A naga ritualist (Snake:4)
  An ugly thing (shapeshifter) (Depths:2)
  A glass eye (Depths:3)
11 creatures vanquished.

Vanquished Creatures (others)
  A deep elf knight (Elf:1)
  A deep elf pyromancer (Elf:1)
  An orc (D:9)
  An orc zombie (D:10)
  29 tentacles
33 creatures vanquished.

Grand Total: 1637 creatures vanquished

Notes
Turn   | Place    | Note
-------+----------+-------------------------------------------
     0 | D:1      | AlterAsc the Minotaur Fighter began the quest for the Orb.
     0 | D:1      | Reached XP level 1. HP: 19/19 MP: 0/0
   318 | D:1      | Reached XP level 2. HP: 22/27 MP: 1/1
   642 | D:1      | You fall into a shaft and drop 1 floor!
   685 | D:2      | Identified the +7 dagger of the Median {freeze, rPois}
   690 | D:2      | Found a faded altar of an unknown god.
  1216 | D:2      | Reached XP level 3. HP: 33/33 MP: 2/2
  1224 | D:2      | Reached skill level 4 in Shields
  1667 | D:3      | Reached XP level 4. HP: 25/40 MP: 3/3
  1689 | D:3      | Reached XP level 5. HP: 35/47 MP: 4/4
  1855 | D:3      | Noticed an ogre
  1863 | D:3      | Killed an ogre
  1864 | D:3      | Reached skill level 5 in Axes
  1922 | D:3      | Found a glowing silver altar of Zin.
  2083 | D:3      | Found a shimmering altar of Xom.
  2083 | D:3      | Found a burning altar of Makhleb.
  2087 | D:3      | Reached XP level 6. HP: 55/55 MP: 5/5
  2157 | D:4      | Reached skill level 5 in Shields
  2207 | D:4      | Reached skill level 5 in Armour
  2209 | D:4      | Reached skill level 5 in Fighting
  2282 | D:4      | Found a radiant altar of Vehumet.
  2317 | D:4      | Found a staircase to the Ecumenical Temple.
  2339 | Temple   | Entered the Ecumenical Temple
  2375 | D:4      | Found a sand-covered staircase.
  2380 | Ossuary  | Entered an ossuary
  2483 | Ossuary  | Reached skill level 1 in Dodging
  2483 | Ossuary  | Reached XP level 7. HP: 43/61 MP: 6/6
  3128 | D:5      | Entered Level 5 of the Dungeon
  3466 | D:5      | Reached skill level 6 in Shields
  3700 | D:5      | Found a hide-covered altar of Uskayaw.
  3703 | D:5      | Found a broken altar of Ashenzari.
  3705 | D:5      | Found a glowing golden altar of the Shining One.
  3832 | D:5      | Reached XP level 8. HP: 68/70 MP: 7/7
  4451 | D:6      | Found a shimmering blue altar of Sif Muna.
  4839 | D:6      | Found a sparkling altar of Nemelex Xobeh.
  5008 | D:6      | Reached skill level 7 in Shields
  5177 | D:7      | Reached XP level 9. HP: 54/79 MP: 8/8
  5321 | D:7      | Reached skill level 10 in Axes
  5368 | D:7      | Found a shadowy altar of Dithmenos.
  5785 | D:7      | Identified the +5 ring mail "Keowac" {rElec}
  6640 | D:8      | Identified the +1 buckler of Refuge {^Contam rPois rC++
                  | rCorr}
  7101 | D:9      | Reached XP level 10. HP: 83/91 MP: 9/9
  7129 | D:9      | Noticed Amaemon
  7129 | D:9      | Noticed an orange demon
  7273 | D:9      | Noticed Maggie
  7286 | D:9      | Killed Maggie
  7287 | D:9      | Reached skill level 8 in Shields
  7607 | D:9      | Found a bloodstained altar of Trog.
  7612 | D:9      | Became a worshipper of Trog the Wrathful
  7755 | D:9      | Noticed a deep elf zephyrmancer
  7763 | D:9      | Killed a deep elf zephyrmancer
  7764 | D:9      | Reached skill level 10 in Fighting
  7809 | D:10     | Entered Level 10 of the Dungeon
  7809 | D:10     | Found a staircase to the Lair.
  7925 | D:10     | Noticed Maurice
  7934 | D:10     | Something stole 37 poisoned darts
  7936 | D:10     | Something stole the +7 dagger of the Median {freeze, rPois}
  7938 | D:10     | Killed Maurice
  7966 | D:10     | Found a flagged portal.
  7969 | D:10     | Noticed a two-headed ogre
  7982 | D:10     | Killed a two-headed ogre
  7983 | D:10     | Reached skill level 9 in Shields
  8029 | D:10     | Reached * piety under Trog
  8038 | Bailey   | Entered a bailey
  8070 | Bailey   | Reached XP level 11. HP: 100/100 MP: 10/10
  8200 | Bailey   | Found an iron altar of Okawaru.
  8285 | D:10     | Reached ** piety under Trog
  8305 | D:10     | Found a staircase to the Orcish Mines.
  8710 | D:10     | Found Kichil's Antique Armour Shop.
  9108 | Lair:1   | Entered Level 1 of the Lair of Beasts
  9211 | Lair:1   | Reached *** piety under Trog
  9363 | Lair:1   | Identified a scroll of acquirement
  9372 | Lair:1   | Identified the +2 dagger "Qick" {speed, rN++ Int-4 Dex+3}
  9590 | Lair:1   | Reached skill level 10 in Armour
  9637 | Lair:1   | Reached skill level 10 in Shields
  9699 | Lair:1   | Reached skill level 15 in Axes
  9742 | Lair:1   | Noticed Gastronok
  9798 | Lair:1   | Killed Gastronok
  9799 | Lair:1   | Reached XP level 12. HP: 77/110 MP: 11/11
 10311 | Lair:2   | Found a frozen archway.
 10317 | Lair:2   | Noticed a death yak
 10317 | Lair:2   | Noticed a death yak
 10326 | Lair:2   | Noticed a death yak
 10328 | Lair:2   | Killed a death yak
 10332 | Lair:2   | Noticed a death yak
 10332 | Lair:2   | Noticed a death yak
 10337 | Lair:2   | Killed a death yak
 10343 | Lair:2   | Killed a death yak
 10344 | Lair:2   | Reached skill level 11 in Shields
 10347 | Lair:2   | Killed a death yak
 10350 | Lair:2   | Killed a death yak
 10359 | IceCv    | Entered an ice cave
 10367 | IceCv    | Reached **** piety under Trog
 10908 | Lair:2   | Reached ***** piety under Trog
 10912 | Lair:2   | Reached XP level 13. HP: 119/119 MP: 12/12
 11273 | Lair:2   | Reached skill level 12 in Shields
 11581 | Lair:3   | Found a dark tunnel.
 11590 | Volcano  | Entered a volcano
 11617 | Volcano  | Noticed a stone giant
 11619 | Volcano  | Found the +3 pair of seven-league boots {Rampage+∞}
 11636 | Volcano  | Killed a stone giant
 11639 | Volcano  | Received a gift from Trog
 11946 | Lair:3   | Found a staircase to the Shoals.
 12171 | Lair:3   | Found a staircase to the Snake Pit.
 12420 | Lair:3   | Reached skill level 13 in Shields
 13300 | Lair:4   | Reached XP level 14. HP: 133/133 MP: 13/13
 14050 | Lair:5   | Entered Level 5 of the Lair of Beasts
 14053 | Lair:5   | Reached skill level 14 in Shields
 14098 | Lair:5   | Reached skill level 15 in Fighting
 14348 | Lair:5   | Found a viscous altar of Jiyva.
 14349 | Lair:5   | Found a staircase to the Slime Pits.
 14809 | Lair:5   | Received a gift from Trog
 14924 | Lair:5   | Reached skill level 15 in Armour
 14924 | Lair:5   | Reached skill level 15 in Shields
 15161 | Lair:5   | Identified the +3 leather armour of Plasticity {Str-3
                  | Dex+6}
 15540 | Orc:1    | Entered Level 1 of the Orcish Mines
 15631 | Orc:1    | Reached ****** piety under Trog
 15634 | Orc:1    | Received a gift from Trog
 15727 | Orc:1    | Found a burning altar of Makhleb.
 15855 | Orc:1    | Found a shimmering altar of Xom.
 15909 | Orc:2    | Entered Level 2 of the Orcish Mines
 15925 | Orc:2    | Reached XP level 15. HP: 112/144 MP: 14/14
 16117 | Orc:2    | Found Qiasch's Distillery.
 16117 | Orc:2    | Found Cudimar's Weapon Boutique.
 16121 | Orc:2    | Found Afruset's Weapon Boutique.
 16121 | Orc:2    | Found Sagief's Weapon Shoppe.
 16126 | Orc:2    | Received a gift from Trog
 16141 | Orc:2    | Reached skill level 16 in Shields
 16197 | Orc:2    | Noticed Saint Roka
 16207 | Orc:2    | Killed Saint Roka
 16275 | Orc:2    | Found a staircase to the Elven Halls.
 17003 | D:11     | Received a gift from Trog
 17627 | D:12     | Reached skill level 5 in Dodging
 18606 | D:13     | Found Himneig's Vocational Training.
 18696 | D:13     | Reached skill level 17 in Shields
 19067 | D:14     | Noticed Azrael
 19113 | D:14     | Killed Azrael
 19120 | D:14     | Noticed Lodul
 19143 | D:14     | Killed Lodul
 19316 | D:14     | Found a gate to the Vaults.
 19490 | D:14     | Reached XP level 16. HP: 155/155 MP: 15/15
 19580 | D:14     | Found Agesylik's Tiny Tomes.
 19603 | D:14     | Noticed Agnes
 19611 | D:14     | Killed Agnes
 19705 | D:15     | Entered Level 15 of the Dungeon
 20166 | D:15     | Found a staircase to the Depths.
 20453 | D:15     | Received a gift from Trog
 21003 | Snake:1  | Entered Level 1 of the Snake Pit
 21005 | Snake:1  | Noticed Mlioglotl
 21015 | Snake:1  | Noticed a tentacled starspawn
 21020 | Snake:1  | Killed Mlioglotl
 21025 | Snake:1  | Reached skill level 18 in Shields
 21355 | Snake:1  | Noticed Louise
 21376 | Snake:1  | Killed Louise
 21530 | Snake:1  | Noticed Kirke
 21533 | Snake:1  | Noticed Asterion
 21539 | Snake:1  | Killed Kirke
 21547 | Snake:1  | Killed Asterion
 21994 | Snake:2  | Identified the +0 ring mail of the Raven {-Cast Harm
                  | Rampage Slay+3}
 22030 | Snake:2  | Found Ireuttu's Magic Scroll Boutique.
 22032 | Snake:2  | Found Qetufeg's Armour Shop.
 22034 | Snake:2  | Found Vuhogipt's Book Boutique.
 22119 | Snake:2  | Found Ythryat's Distillery.
 22319 | Snake:2  | Identified the +2 quarterstaff "Ydgham" {flame, rC+} (Trog
                  | gifted it to you on level 2 of the Snake Pit)
 22319 | Snake:2  | Received a gift from Trog
 22659 | Snake:3  | Reached skill level 19 in Shields
 22779 | Snake:3  | HP: 6/238 [shock serpent/bolt of electricity (20)]
 22784 | Snake:3  | HP: 4/238 [something (4)]
 22987 | Snake:3  | Reached XP level 17. HP: 151/166 MP: 14/16
 23497 | Snake:3  | Received a gift from Trog
 23919 | Elf:1    | Entered Level 1 of the Elven Halls
 24050 | Elf:1    | Reached skill level 20 in Shields
 24052 | Elf:1    | Noticed Donald
 24090 | Elf:1    | Killed Donald
 24297 | Elf:1    | Received a gift from Trog
 24524 | Elf:1    | Reached skill level 10 in Dodging
 25225 | Shoals:1 | Entered Level 1 of the Shoals
 25303 | Shoals:1 | Acquired the ring of the Brewing Gods {rElec rF+}
 25318 | Shoals:1 | Identified the serpent talisman of Hangman {*Slow Dex+8}
 25318 | Shoals:1 | Noticed Aizul
 25336 | Shoals:1 | Killed Aizul
 25567 | Shoals:1 | Noticed a kraken
 25590 | Shoals:1 | Killed a kraken
 25760 | Snake:2  | Bought a scroll of enchant armour for 150 gold pieces
 25760 | Snake:2  | Bought a scroll of teleportation for 60 gold pieces
 25760 | Snake:2  | Bought a scroll of identify for 40 gold pieces
 25760 | Snake:2  | Bought a scroll of acquirement for 1040 gold pieces
 25764 | Snake:2  | Acquired the +10 tower shield of Ignorance {rN+ Int-4}
 25764 | Snake:2  | Found the +10 tower shield of Ignorance {rN+ Int-4}
 25773 | Snake:2  | Gained mutation: You are dopey. (Int -2) [mutagenic glow]
 25776 | Snake:2  | Lost intelligence.
 26280 | Depths:1 | Entered Level 1 of the Depths
 26289 | Depths:1 | Received a gift from Trog
 26290 | Depths:1 | Reached skill level 21 in Shields
 26611 | Depths:1 | Reached XP level 18. HP: 176/176 MP: 17/17
 26645 | Depths:1 | Found a sacrificial altar of Ru.
 26983 | Depths:1 | Found a gateway to Hell.
 27240 | Depths:1 | Identified the +8 trident "Ustrukano" {flame, Will++}
 27287 | Depths:1 | Noticed Nikola
 27296 | Depths:1 | Killed Nikola
 27337 | Depths:1 | Noticed Norris
 27351 | Depths:1 | Killed Norris
 27658 | Depths:1 | Found Ofukk's Jewellery Shop.
 27662 | Depths:1 | Found Riwo's Book Shoppe.
 27663 | Depths:1 | Found Uckuno Tifi's Jewellery Shop.
 27669 | Depths:1 | Bought the ring "Pogyss" {rPois Will+ EV+5 Int+3 Dex-3} for
                  | 1056 gold pieces
 27693 | Depths:1 | Bought the amulet of Divine Compulsion {rElec Regen+ MP+9
                  | Str+3 Int+3} for 1510 gold pieces
 27945 | Depths:1 | Reached skill level 1 in Shapeshifting
 27951 | Depths:2 | Noticed a lich
 28391 | Depths:2 | Received a gift from Trog
 28434 | Depths:2 | Reached skill level 22 in Shields
 28491 | Depths:2 | Found a one-way gate to the infinite horrors of the Abyss.
 28514 | Depths:2 | Identified the ring of Propriety {Wiz *Corrode rElec Will+}
 28531 | Depths:2 | Noticed a caustic shrike
 28531 | Depths:2 | Noticed a caustic shrike
 28532 | Depths:2 | Noticed a caustic shrike
 28547 | Depths:2 | Killed a caustic shrike
 28548 | Depths:2 | Killed a caustic shrike
 28549 | Depths:2 | Killed a caustic shrike
 28669 | Depths:2 | Reached XP level 19. HP: 174/187 MP: 18/18
 28775 | Depths:2 | Received a gift from Trog
 29317 | Depths:2 | Found a one-way gate leading to the halls of Pandemonium.
 29594 | Depths:3 | Identified the ring "Beotoa Syng" {rPois rF- EV+5 Dex+4}
 29614 | Depths:3 | Found a one-way gateway to a ziggurat.
 29655 | Depths:3 | Noticed Jory
 29679 | Depths:3 | Killed Jory
 29680 | Depths:3 | Reached skill level 23 in Shields
 29787 | Depths:3 | Received a gift from Trog
 29825 | Depths:3 | Found a transporter.
 29836 | Depths:3 | Acquired the +8 mithril axe "Arga" {speed, Will+}
 29836 | Depths:3 | Found the +8 mithril axe "Arga" {speed, Will+}
 29894 | Depths:3 | Reached skill level 5 in Shapeshifting
 29931 | Depths:3 | Found a transporter.
 30036 | Depths:3 | Identified the ring "Heyrch" {Fly rElec Str-4 Int+6 SInv}
 30322 | Depths:3 | Reached skill level 24 in Shields
 30372 | Depths:4 | Entered Level 4 of the Depths
 30406 | Depths:4 | Received a gift from Trog
 30438 | Depths:4 | Reached XP level 20. HP: 191/198 MP: 19/19
 30931 | Depths:4 | Found Ysieph's General Store.
 30933 | Depths:4 | Found Idoqiu's Armour Shoppe.
 30933 | Depths:4 | Found Zeth's Assorted Antiques.
 30938 | Depths:4 | Found Fyorph's Antique Armour Emporium.
 30979 | Depths:4 | Identified the +3 flail "Zoxeecse" {freeze, rC+ Str+2 SInv}
 31020 | Depths:4 | Noticed a bone dragon
 31046 | Depths:4 | Killed a bone dragon
 31070 | Depths:4 | Found a gate to the Realm of Zot.
 31728 | Depths:3 | Identified the ring of Uroad {rPois rC+ rCorr Int-2}
 31802 | Depths:3 | Received a gift from Trog
 31844 | Depths:3 | Found a sparkling altar of Nemelex Xobeh.
 33228 | Shoals:2 | Found Cyazohast's Gadget Gallery.
 33248 | Shoals:2 | Identified the scarf of Resonance {+Inv, rPois Will+++
                  | Str-3 Int+3}
 33275 | Shoals:2 | Reached skill level 25 in Shields
 33394 | Shoals:2 | Noticed Ilsuiw
 33411 | Shoals:2 | Killed Ilsuiw
 33445 | Shoals:2 | Received a gift from Trog
 34017 | Shoals:3 | Reached XP level 21. HP: 207/207 MP: 20/20
 34250 | Shoals:3 | Noticed Polyphemus
 34277 | Shoals:3 | Killed Polyphemus
 34453 | Shoals:3 | Noticed Mara
 34463 | Shoals:3 | Killed Mara
 34779 | Shoals:4 | Entered Level 4 of the Shoals
 34790 | Shoals:4 | Received a gift from Trog
 34858 | Shoals:4 | Identified the ring of Gileuff {rN+ rCorr Int+6}
 35459 | Shoals:4 | Got a barnacled rune of Zot
 35757 | Snake:4  | Entered Level 4 of the Snake Pit
 35788 | Snake:4  | Received a gift from Trog
 35846 | Snake:4  | Identified the +4 ring mail of a Billion Deaths {rElec rF+
                  | rN+ rCorr Dex-4}
 36239 | Snake:4  | Received a gift from Trog
 36267 | Snake:4  | Got a serpentine rune of Zot
 37093 | Elf:2    | Reached skill level 26 in Shields
 37224 | Elf:2    | Received a gift from Trog
 37270 | Elf:2    | Found a runed translucent gate.
 37271 | Elf:2    | Found a runed translucent gate.
 37271 | Elf:2    | Found a runed translucent gate.
 37638 | Elf:2    | Found Gaelo's Distillery.
 37773 | Elf:2    | Reached XP level 22. HP: 217/217 MP: 21/21
 38084 | Elf:3    | Entered Level 3 of the Elven Halls
 38098 | Elf:3    | Received a gift from Trog
 38305 | Elf:3    | Reached skill level 10 in Shapeshifting
 38351 | Elf:3    | HP: 6/214 [deep elf high priest/a malign offering (9)]
 38356 | Elf:3    | Killed from afar by a deep elf high priest

Illustrated notes

Levels and vault maps discovered:
D:1:      heliophobic_arrival_battle_scene, layout_basic
D:2:      layout_basic, hellmonk_ecumenical_altar_lost_god,
          kennysheep_generic_room_5
D:3:      layout_rooms, grunt_temple_overflow_champion_of_chaos, zin_academy,
          kennysheep_orc_chapel
D:4:      layout_gridville, fiery_altar_vehumet, temple_green,
          nicolae_ossuary_entry_plus, nrook_mini_backslash, st_stairs_2
D:5:      layout_basic, grunt_temple_overflow_open, serial_rivers,
          chequers_serial_rivers_small_b, chequers_serial_rivers_marsh,
          chequers_serial_rivers_marsh, chequers_serial_rivers_large_a,
          chequers_serial_rivers_micro_a, hangedman_decor_peaks_small
D:6:      layout_loops_corners, old_standard_altar,
          lemuel_coloured_pillars_altar, hangedman_minor_gate_pass
D:7:      layout_layer_cave, grunt_dithmenos_smoke_and_mirrors,
          kennysheep_generic_room_4
D:8:      layout_loops_ring
D:9:      layout_roguey, kennysheep_little_box, guppyfry_early_elven_hall,
          uniq_maggie, uniq_amaemon
D:10:     layout_stronghold, lair_entry_dummy, zombieorc1_lemuel, serial_shops,
          shop, enter_bailey_5, bh_circular_ruins, uniq_maurice
D:11:     layout_gridville
D:12:     layout_roguey
D:13:     layout_stronghold, nicolae_shop_vocational
D:14:     layout_roguey, erik_vaults_1, nicolae_shop_i_like_small_books_too,
          nicolae_tricolors, uniq_lodul, uniq_azrael, uniq_agnes
D:15:     gammafunk_enter_depths_forms, layout_loops_corners,
          hangedman_decor_points
Temple:   nicolae_temple_ecumenical_triangle
Lair:1:   layout_roguey [special_room_bee], uniq_gastronok
Lair:2:   layout_misc_corridors, portal_ice_cave_entry_pillars_1,
          minmay_shattered_shrine, lemuel_fruit_fields
Lair:3:   layout_regular_city, elwin_shoals_entry_rooms, dummy_snake_entry,
          enter_volcano_1, grunt_megastairs_5
Lair:4:   layout_layer_cave
Lair:5:   due_jungle_book, layout_gridlike, dpeg_slime_entry_corner,
          minivault_23, lemuel_old_faithful
Shoals:1: nicolae_shoals_lighthouse, layout_shoals, uniq_aizul
Shoals:2: layout_shoals, nicolae_shop_gadgets, uniq_ilsuiw
Shoals:3: layout_shoals, uniq_polyphemus, uniq_mara
Shoals:4: shoals_end_grunt_garden, layout_shoals
Snake:1:  layout_cave_pods, grunt_megastairs_2, uniq_mlioglotl, uniq_kirke,
          uniq_louise, uniq_asterion
Snake:2:  layout_grid_shapes, serial_shops, shop, minmay_shop_star,
          grunt_megastairs_1
Snake:3:  layout_honeycomb, st_stairs_12, nicolae_snake_bzzzt,
          serial_bayou_shore_a
Snake:4:  snake_pit_salamanders_mu, layout_cave_town
Orc:1:    layout_caves, basic_altar, bloody_makhleb
Orc:2:    st_orc_ogre_mass, layout_caves, uniq_saint_roka
Elf:1:    nicolae_elf_arrival_no_cutting_in_line, layout_geoelf_grid,
          minmay_elf_demonology, uniq_donald
Elf:2:    nicolae_elf_blades_crystal_corner, layout_geoelf_grid, special_room
          [special_room_mythical_zoo], serial_shops, nicolae_lakefront_shop
Elf:3:    minmay_elf_hall_spiked, layout_onion_city, trove_entry_hex_spiral,
          serial_library_hellmonk_hallway_b, drop_trap, uniq_bai_suzhen
Depths:1: layout_gridlike, pf_vacation_house_of_asmodeus,
          hangedman_decor_growths, grunt_ministairs_13,
          chequers_hall_statues_wall_a, nicolae_ru_great_annihilating_truth,
          minmay_shop_grove, uniq_nikola, uniq_norris
Depths:2: grunt_x_marks_the_spot, layout_cave_pools, serial_bayou,
          serial_bayou_pond_c, serial_bayou_pond_e, serial_bayou_pond_d,
          serial_bayou_lake_a, abyss_entry, hell_entry, rand_demon_pan_entry_3,
          infiniplex_staircase_pillars_2
Depths:3: hangedman_spin_cycle, hell_entry, abyss_entry, uniq_jory
Depths:4: grunt_zot_entry_alcove, layout_gridlike,
          chequers_serial_rivers_micro_e, hell_entry, minmay_shoptagon

Skill      XL: |  1  2  3  4  5  6  7  8  9 10 11 12 13 14 15 16 17 18 19 20 21 22 |
---------------+-------------------------------------------------------------------+-----
Axes           | 3 4 5 6 7 9 12 13 15 17 18 19 20 21 22 23 | 23.6
Armour         | 4 5 6 7 9 10 11 13 15 16 17 18 19 21 22 | 22.5
Shields        | 4 5 6 7 9 10 11 13 15 17 19 21 22 24 25 26 | 26.3
Fighting       | 4 5 6 7 9 10 11 12 14 16 17 18 19 20 21 22 23 | 23.0
Dodging        | 1 6 8 10 | 10.0
Shapeshifting  | 3 5 8 9 10 | 10.0

Action                     |  1- 3 |  4- 6 |  7- 9 | 10-12 | 13-15 | 16-18 | 19-21 | 22-24 || total
---------------------------+-------+-------+-------+-------+-------+-------+-------+-------++-------
  Melee: War axe           |    79 |   102 |   350 |    42 |       |       |       |       ||   573
         Headbutt          |    10 |     9 |    55 |   116 |   249 |   274 |   537 |    29 ||  1279
         Broad axe         |       |       |       |   501 |  1052 |  1228 |  1818 |   108 ||  4707
  Throw: Dart              |       |     2 |     8 |    32 |       |       |       |       ||    42
 Invoke: Berserk           |       |       |       |     1 |     9 |    17 |    11 |     1 ||    39
         Trog's Hand       |       |       |       |     1 |       |     3 |     2 |       ||     6
         Brothers in Arms  |       |       |       |       |       |     3 |     2 |       ||     5
    Use: Scroll            |       |       |     8 |    16 |    10 |    10 |     6 |     4 ||    54
         Potion            |       |       |       |       |       |     3 |       |     2 ||     5
   Stab: Petrified         |       |       |       |       |     1 |       |     3 |       ||     4
         Paralysed         |       |       |       |       |       |     1 |       |       ||     1
         Distracted        |       |       |       |       |       |       |     1 |       ||     1
         Petrifying        |       |       |       |       |       |       |     2 |       ||     2
 Armour: Scale mail        |    30 |       |       |       |       |       |       |       ||    30
         Plate armour      |    28 |    98 |   183 |       |   543 |   790 |   396 |    25 ||  2063
         Ring mail         |       |       |   105 |   359 |    64 |       |       |       ||   528
  Dodge: Dodged            |    34 |    13 |   108 |   227 |   207 |   339 |   216 |    13 ||  1157
  Block: Buckler           |    15 |    26 |    94 |   178 |   230 |   263 |       |       ||   806
         Tower shield      |       |       |       |       |       |   663 |  1492 |    81 ||  2236
